 Dungeon Crawl Stone Soup version 0.19-a0-1740-g0bcaf2e (webtiles) character file.

18 4thArraOfDagon the Ruffian (level 2, -3/29 HPs)
             Began as a Troll Monk on Oct 2, 2016.
             Shot with an arrow by a centaur (8 damage)
             ... on level 5 of the Dungeon.
             The game lasted 00:01:12 (281 turns).

4thArraOfDagon the Ruffian (Troll Monk)              Turns: 281, Time: 00:01:13

Health: -3/29      AC:  5    Str: 18    XL:     2   Next: 51%
Magic:  1/1        EV: 10    Int:  6    God:
Gold:   48         SH:  0    Dex: 12    Spells: 0 memorised, 1 level left

rFire  . . .     SeeInvis .       - Unarmed
rCold  . . .     Gourm    +     a - +0 robe
rNeg   . . .     Faith    +     (no shield)
rPois  .         Spirit   .     (helmet restricted)
rElec  .         Dismiss  .     (no cloak)
rCorr  .         Reflect  .     (gloves unavailable)
MR     .....     Harm     .     (boots unavailable)
Stlth  +.........               i - amulet of faith
                                (no ring)
                                (no ring)

@: very slightly contaminated, hasted, very quick
A: unfitting armour, claws 3, fast metabolism 3, gourmand, regeneration 1,
shaggy fur 1, tough skin 2
a: no special abilities


You were on level 5 of the Dungeon.
You were not hungry.

You visited 1 branch of the dungeon, and saw 5 of its levels.

You collected 48 gold pieces.

Inventory:

Armour
 a - a +0 robe (worn)
Jewellery
 i - an amulet of faith (around neck)
Scrolls
 c - a scroll of identify {unknown}
Potions
 j - a potion of lignification {unknown}
Comestibles
 b - 2 bread rations
 g - a slice of pizza


   Skills:
 - Level 2.4 Fighting
 - Level 2.4 Dodging
 - Level 1.1 Stealth
 * Level 3.9 Unarmed Combat


You had one spell level left.
You didn't know any spells.

Dungeon Overview and Level Annotations

Branches:
Dungeon (5/15)             Temple (0/1) D:5

Altars:
Nemelex Xobeh

Annotations:
D:5 Edmund


Innate Abilities, Weirdness & Mutations

You are too large for most types of armour.
You have claws for hands.
Your metabolism is lightning-fast.
You like to eat raw meat.
Your natural rate of healing is unusually fast.
You are covered in fur. (AC +1)
You have very tough skin. (AC +2)


Message History

A crimson imp comes into view.
Okay, then.
Blink to where?
Press: ? - help, Dir - move target cursor You are very lightly contaminated with residual magic.
As you read the scroll of blinking, it crumbles to dust.
A scorpion comes into view.
Found a stone staircase leading down.
Unknown command.
Unknown command.
Found a scroll of blinking.
Found a staircase to the Ecumenical Temple.
Unknown command.
Unknown command.
It was a potion of magic.
Magic courses through your body.
Unknown command.
It was a potion of haste.
You feel yourself speed up.
The centaur wields an uncursed shortbow.
The centaur shoots an arrow.
The arrow hits you!
You die...

...####..... .
#..........# .##
#..........# ..#
###..........# #.#
..........c..# #.# .
.....?.......# #.## ...
.......5.....###..#...##
#.# #.@.......
#######'#######.#.......
........@c.......#....>.
###..........c.....s...?
#...†......(..........
##'##########+#.#.....
.###.######. .......
.......w.... ##>....
...<........ ....


You could see a centaur and a scorpion.

Vanquished Creatures
  An adder (D:3)
  A dart slug (D:5)
  An orc (D:4)
  A hobgoblin (D:3)
  3 bats
  A kobold (D:3)
  A rat (D:3)
9 creatures vanquished.

Notes
Turn   | Place    | Note
-------+----------+-------------------------------------------
     0 | D:1      | 4thArraOfDagon the Troll Monk began the quest for the Orb.
     0 | D:1      | Reached XP level 1. HP: 22/22 MP: 0/0
   149 | D:3      | Reached XP level 2. HP: 21/29 MP: 1/1
   193 | D:3      | Found a sparkling altar of Nemelex Xobeh.
   245 | D:5      | Entered Level 5 of the Dungeon
   263 | D:5      | Noticed a centaur
   270 | D:5      | Noticed Edmund
   278 | D:5      | Noticed a crimson imp
   278 | D:5      | Noticed a scorpion
   279 | D:5      | Found a staircase to the Ecumenical Temple.
   281 | D:5      | Shot with an arrow by a centaur

Vault maps used:
D:1:      lemuel_arrival_broad_hall, moated_statue, serial_park_tiny_pond
D:3:      nemelex_xobeh_ov_fountains_minmay, kennysheep_generic_room_16
D:4:      lemuel_doored_altar, first_bread
D:5:      basic_altar, uniq_edmund

Action                   || total
-------------------------++-------
Melee: Unarmed           ||    27
       Punch             ||     1
  Use: Potion            ||     3
       Scroll            ||     2
  Eat: Chunk             ||     1
Armor: Robe              ||    19
Dodge: Dodged            ||    25
